 Dungeon Crawl Stone Soup version 0.17.0-24-gcfadda4 (webtiles) character file.

46 Raultor the Sneak (level 3, -4/25 HPs)
             Began as a Vampire Enchanter on Nov 16, 2015.
             Killed from afar by Sigmund (7 damage)
             ... with a magic dart
             ... on level 2 of the Dungeon.
             The game lasted 00:02:36 (772 turns).

Raultor the Sneak (Vampire Enchanter)                Turns: 772, Time: 00:02:37

Health: -4/25      AC:  4    Str:  7    XL:     3   Next: 44%
Magic:  0/6        EV: 13    Int: 18    God:
Gold:   50         SH:  0    Dex: 14    Spells: 2 memorised, 3 levels left

rFire  . . .     SeeInvis +     a - +1 dagger
rCold  . . .     Clarity  .     b - +1 robe
rNeg   + . .     SustAt   .     (no shield)
rPois  .         Gourm    .     (no helmet)
rElec  .         Spirit   .     k - +0 cloak
rCorr  .         Warding  .     (no gloves)
rMut   .         Stasis   .     (no boots)
MR     .....                    (no amulet)
Stlth  +++.......               (no ring)
                                (no ring)

@: not resistant to hostile enchantments, fairly stealthy
A: fangs 3, see invisible, unbreathing
a: Bat Form


You were on level 2 of the Dungeon.
You were not thirsty.

You visited 1 branch of the dungeon, and saw 2 of its levels.

You collected 50 gold pieces.

Inventory:

Hand Weapons
 a - a +1 dagger (weapon)
Missiles
 e - 6 needles of confusion
Armour
 b - a +1 robe (worn)
 k - a +0 cloak (worn)
Wands
 l - a wand of confusion (28)
Scrolls
 f - 2 scrolls of enchant weapon {unknown}
 g - a scroll of random uselessness {unknown}
Potions
 d - 7 potions of blood
 h - a potion of curing {unknown}
 i - a potion of heal wounds {unknown}
 j - 3 potions of cure mutation {unknown}
Books
 c - a book of Maledictions

   Spells                             Type                      Level
   a - Corona                         Hexes                        1
   b - Ensorcelled Hibernation        Hexes/Ice                    2
   c - Confuse                        Hexes                        3
   d - Tukima's Dance                 Hexes                        3
   e - Dazzling Spray                 Conjuration/Hexes            3


   Skills:
 + Level 0.3 Fighting
 + Level 1.3 Short Blades
 + Level 2.5 Dodging
 + Level 5.3 Stealth
 + Level 2.3 Spellcasting
 + Level 5.1 Hexes


You had 3 spell levels left.
You knew the following spells:

 Your Spells              Type           Power        Failure   Level  Hunger
a - Corona                Hex            ###....      1%          1    #......
b - Ensorcelled Hibernat  Hex/Ice        ##....       12%         2    ##.....


Dungeon Overview and Level Annotations

Branches:
Dungeon (2/15)

Altars:

Annotations:
D:2 Sigmund


Innate Abilities, Weirdness & Mutations

You have razor-sharp teeth.
You have supernaturally acute eyesight.
You can survive without breathing.


Message History

Sigmund hits you with a scythe!
Ouch! That really hurt!
* * * LOW HITPOINT WARNING * * *
Casting: Ensorcelled Hibernation
Confirm with . or Enter, or press ? or * to list all spells.
Aiming: Ensorcelled Hibernation
Press: ? - help, Shift-Dir - straight line, f/p - Sigmund
Aim: Sigmund, wielding a scythe and wearing a robe (severely wounded, chance to defeat MR: 50%) Sigmund is unaffected.
Sigmund closely misses you.
You hit Sigmund but do no damage.
Sigmund is severely wounded.
You barely miss Sigmund.
Sigmund is severely wounded.
Sigmund closely misses you.
Sigmund hits you from afar with a scythe.
* * * LOW HITPOINT WARNING * * *
You don't have enough magic at the moment.
Sigmund gestures at you while chanting. The magic dart hits you!
You die...

#.... #...#########
#...#.....).#
#...#...###.#
#...#.....#.#
#...#...#.#.#
#...#.#.#.#.#
#@..#<....#.#
#######...#######.##
...................#
.######.############
#.@.@.......
############


You could see Sigmund.

Vanquished Creatures
  Terence (D:2)
  A giant gecko (D:1)
  A ball python (D:1)
  2 bats
  A giant cockroach (D:1)
  3 hobgoblins (D:1)
  2 giant newts (D:1)
  2 goblins (D:1)
  4 kobolds (D:1)
  5 rats (D:1)
22 creatures vanquished.

Notes
Turn   | Place    | Note
--------------------------------------------------------------
     0 | D:1      | Raultor the Vampire Enchanter began the quest for the Orb.
     0 | D:1      | Reached XP level 1. HP: 13/13 MP: 3/3
   129 | D:1      | Reached XP level 2. HP: 8/19 MP: 5/5
   133 | D:1      | Learned a level 2 spell: Ensorcelled Hibernation
   730 | D:2      | Noticed Terence
   734 | D:2      | Killed Terence
   734 | D:2      | Reached skill level 5 in Stealth
   734 | D:2      | Reached skill level 5 in Hexes
   734 | D:2      | Reached XP level 3. HP: 23/25 MP: 3/6
   756 | D:2      | Noticed Sigmund
   772 | D:2      | Killed from afar by Sigmund

Action                   || total
-------------------------++-------
Melee: Dagger            ||    61
 Cast: Ensorcelled Hiber ||     4
 Stab: Distracted        ||     1
       Sleeping          ||     6
  Eat: Corpse            ||     2
